 Dungeon Crawl Stone Soup version 0.31-a0-117-g42d8f58691 (webtiles) character file.

Game seed: 8330398395863230372

4011 holysushi the Skirmisher (level 10, -7/83 HPs)
             Began as a Meteoran Hunter on May 31, 2023.
             Was a Believer of Okawaru.
             Mangled by a steam dragon (9 damage)
             ... on level 7 of the Dungeon.
             The game lasted 00:16:08 (2975 turns).

holysushi the Skirmisher (Meteoran Hunter)          Turns: 2975, Time: 00:16:08

Health: -7/83      AC:  8    Str: 17    XL:     10   Next: 75%
Magic:  11/11      EV: 15    Int: 10    God:    Okawaru [**....]
Gold:   1406       SH:  0    Dex: 21    Spells: 9/9 levels left

rFire   . . .        h - +1 sling (drain)
rCold   + + .        (no shield)
rNeg    . . .        o - +3 leather armour of Inaction {Fly Str+4 Int-5}
rPois   .            l - +0 helmet
rElec   .            (no cloak)
rCorr   .            (no gloves)
SInv    +            k - +0 pair of boots
Will    +....        (no amulet)
Stlth   +            m - ring of Paranoia {rC+ Int+3}
HPRegen 0.33/turn    n - ring of see invisible
MPRegen 0.12/turn

%: random rage (3%)
@: marked, flying, glowing
A: sense surroundings 2, otherworldly, glowing, explore regen, berserk 1, cold
resistance 1, mutation resistance 1
a: Renounce Religion, Heroism


You were on level 7 of the Dungeon.
You worshipped Okawaru.
Okawaru was pleased with you.
You visited 2 branches of the dungeon, and saw 9 of its levels.
You also visited: Bailey.

You collected 1505 gold pieces.
You spent 99 gold pieces at shops.

Inventory:

Hand Weapons
 a - a +1 shortbow
 h - a +1 sling of draining (weapon)
 q - a +5 scimitar
 s - a +0 short sword of electrocution
 y - the +10 morningstar "Rududeu" {drain, rElec rC+ rN+}
   (You found it in a bailey)

   rC:        It protects you from cold.
   rElec:     It insulates you from electricity.
   rN:        It protects you from negative energy.
Missiles
 p - a throwing net
Armour
 c - a +0 leather armour
 k - a +0 pair of boots (worn)
 l - a +0 helmet (worn)
 o - the +3 leather armour of Inaction (worn) {Fly Str+4 Int-5}
   (You found it on level 5 of the Dungeon)

   Str:       It affects your strength (+4).
   Int:       It affects your intelligence (-5).
   Fly:       It grants you flight.
Jewellery
 m - the ring of Paranoia (left hand) {rC+ Int+3}
   (You found it on level 3 of the Dungeon)

   [ring of protection from cold]

   Int:       It affects your intelligence (+3).
   rC:        It protects you from cold.
 n - a ring of see invisible (right hand)
Wands
 i - a wand of flame (10)
 u - a wand of polymorph (12)
Scrolls
 b - a scroll of immolation
 e - a scroll of amnesia
 t - 2 scrolls of identify
 v - a scroll of teleportation
 w - a scroll of magic mapping
Potions
 d - a potion of lignification
 g - a potion of brilliance
 j - 2 potions of attraction
 r - 2 potions of magic
 x - a potion of resistance {unknown}


   Skills:
 - Level 6.0 Fighting
 * Level 14.7 Ranged Weapons
 - Level 5.0 Dodging
 - Level 0.6 Stealth


You had 9 spell levels left.
You didn't know any spells.
Your spell library contained the following spells:

 Spells                   Type           Power      Damage    Failure   Level
 Beastly Appendage        Tmut           0%         N/A       43%         1
 Magic Dart               Conj           0%         1d3       43%         1
 Searing Ray              Conj           0%         2d4       56%         2
 Wereblood                Tmut           0%         N/A       56%         2
 Inner Flame              Hex/Fire       0%         N/A       80%         3
 Spider Form              Tmut/Pois      0%         N/A       80%         3
 Flame Wave               Conj/Fire      0%         2d4       99%         4
 Fulminant Prism          Conj/Hex       0%         3d5       99%         4
 Sticky Flame             Conj/Fire      0%         2d3       99%         4


Dungeon Overview and Level Annotations

Branches:
Dungeon (8/15) Zot: 2409   Temple (1/1) D:6 Zot: 563  Bailey (visited)
   Lair: D:8-11

Altars:
Cheibriados
Makhleb
Okawaru
Sif Muna
Trog
Uskayaw
Xom
Zin

Shops:
D:2 (

Annotations:
D:4 3 runed translucent doors, Maxmaps's ghost, novice DsMo


Innate Abilities, Weirdness & Mutations

You passively map the area around you.
You are easily found by Zot.
You glow in the dark.
You regain HP and MP as you explore.
You sometimes lose your temper in combat.
Your flesh is cold resistant. (rC+)
You are somewhat resistant to further mutation.


Message History

Press: ? - help, Shift-Dir - straight line, f/p - steam dragon
Aim: a steam dragon (lightly wounded, catching its breath, will become a swamp drake, a sky beast, or a fire bat, chance to affect: 49%)
Okay, then.
Unknown command.
You feel much better. The steam dragon bites you.
The steam dragon claws you but does no damage.
You shoot a sling bullet.
The sling bullet closely misses the steam dragon.
The sling bullet hits the sleepcap but does no damage.
You drain the sleepcap.
The sleepcap is lightly damaged.
The steam dragon breathes steam at you. The ball of steam hits you!!
You shoot a sling bullet. The sling bullet hits the steam dragon.
The steam dragon is lightly wounded.
The steam dragon closely misses you. The steam dragon misses you.
You shoot a sling bullet.
The sling bullet closely misses the steam dragon.
The sling bullet hits the sleepcap.
You drain the sleepcap.
The sleepcap is moderately damaged.
You shoot a sling bullet. The sling bullet hits the steam dragon.
The steam dragon is moderately wounded.
The steam dragon breathes steam at you. The ball of steam hits you!
* * * LOW HITPOINT WARNING * * *
You shoot a sling bullet.
The sling bullet barely misses the steam dragon.
The sling bullet hits the sleepcap.
The sleepcap is heavily damaged.
You are engulfed in a cloud of scalding steam.
* * * LOW HITPOINT WARNING * * *
The steam dragon bites you.
* * * LOW HITPOINT WARNING * * *
The steam dragon claws you but does no damage.
You shoot a sling bullet. The sling bullet hits the steam dragon.
The steam dragon is heavily wounded.
You are engulfed in a cloud of scalding steam.
* * * LOW HITPOINT WARNING * * *
The steam dragon bites you!
You die...

#....#########
##### #....##*
* #....
###.....# #....
#.......#####*
#....
#...#........
#....
#...#........*
#....
##...#........
#....
#....§§.§.....*
##...
#.####@§§.....
#.).
#.####D#######*
#...
##.....f.....#
#...
#.....#......#
#...
#.#.##.##....#
#... ..
#.8.##...# ####
*... ##.##
#...# .., *##.*
...# *. ⌠ **#,
..#


You could see a steam dragon and a sleepcap (very drained).

Vanquished Creatures
  An orc sorcerer (Bailey)
  Joseph (D:7)
  A kobold demonologist (Bailey)
  Prince Ribbit (D:7)
  4 yaks (D:6)
  Menkaure (D:5)
  A water moccasin (D:6)
  6 orc warriors (Bailey)
  An ice beast (D:6)
  An ogre (D:7)
  A centaur (D:8)
  4 lemures
  3 kobold brigands
  A wight (D:8)
  A howler monkey (D:5)
  6 electric eels (Bailey)
  3 crimson imps (D:3)
  A hound (D:7)
  A jelly (D:4)
  A gnoll bouda (D:5)
  3 iguanas
  2 sleepcaps
  5 orc wizards
  Robin (D:2)
  8 gnolls
  5 adders
  2 ufetubi
  4 worms
  3 dart slugs
  11 orcs
  6 ball pythons
  8 bats
  7 endoplasms
  4 giant cockroaches
  19 goblins
  7 hobgoblins
  3 jackals (D:3)
  2 quokkas
  2 frilled lizards (D:3)
  12 kobolds
  4 rats
158 creatures vanquished.

Notes
Turn   | Place    | Note
-------+----------+-------------------------------------------
     0 | D:1      | holysushi the Meteoran Hunter began the quest for the Orb.
     0 | D:1      | Reached XP level 1. HP: 17/17 MP: 2/2
    24 | D:2      | Found Furyw's Antique Weapon Shoppe.
    29 | D:2      | Reached XP level 2. HP: 20/25 MP: 3/3
    29 | D:2      | Noticed Robin
   182 | D:1      | Reached XP level 3. HP: 29/30 MP: 4/4
   307 | D:1      | Reached skill level 5 in Ranged Weapons
   403 | D:2      | Found a faded altar of an unknown god.
   526 | D:2      | Killed Robin
   527 | D:2      | Reached XP level 4. HP: 26/38 MP: 5/5
   625 | D:2      | Bought a runed sling for 99 gold pieces
   727 | D:3      | Reached XP level 5. HP: 43/46 MP: 6/6
   793 | D:3      | Identified the ring of Paranoia {rC+ Int+3}
   809 | D:3      | Found a shimmering altar of Xom.
   842 | D:3      | Reached skill level 6 in Ranged Weapons
   868 | D:3      | Reached XP level 6. HP: 47/52 MP: 7/7
  1032 | D:5      | Entered Level 5 of the Dungeon
  1032 | D:5      | Noticed Menkaure
  1039 | D:5      | Killed Menkaure
  1040 | D:5      | Reached skill level 7 in Ranged Weapons
  1040 | D:5      | Reached XP level 7. HP: 60/60 MP: 8/8
  1089 | D:5      | Identified the +3 leather armour of Inaction {Fly Str+4
                  | Int-5}
  1321 | D:4      | Noticed Maxmaps's ghost (novice DsMo)
  1322 | D:4      | Found a runed translucent gate.
  1322 | D:4      | Found a runed translucent gate.
  1322 | D:4      | Found a runed translucent gate.
  1379 | D:4      | Gained mutation: Your flesh is cold resistant. (rC+)
                  | [potion of mutation]
  1379 | D:4      | Gained mutation: You sometimes lose your temper in combat.
                  | [potion of mutation]
  1379 | D:4      | Gained mutation: You are somewhat resistant to further
                  | mutation. [potion of mutation]
  1455 | D:4      | Reached skill level 5 in Fighting
  1542 | D:5      | Reached XP level 8. HP: 54/68 MP: 9/9
  1554 | D:6      | Noticed a yak
  1559 | D:6      | Noticed a yak
  1561 | D:6      | Reached skill level 8 in Ranged Weapons
  1561 | D:6      | Noticed a yak
  1562 | D:6      | Noticed a yak
  1584 | D:6      | Killed a yak
  1589 | D:6      | Killed a yak
  1590 | D:6      | Reached skill level 5 in Dodging
  1593 | D:6      | Killed a yak
  1594 | D:6      | Reached skill level 9 in Ranged Weapons
  1601 | D:6      | Killed a yak
  1602 | D:6      | Gained mutation: You passively map the area around you.
                  | [Meteoran growth]
  1602 | D:6      | Reached XP level 9. HP: 33/75 MP: 10/10
  1639 | D:6      | Reached skill level 10 in Ranged Weapons
  1824 | D:5      | You are sucked into a shaft and drop 3 floors!
  1993 | D:7      | Reached skill level 11 in Ranged Weapons
  2015 | D:6      | Found a staircase to the Ecumenical Temple.
  2019 | Temple   | Entered the Ecumenical Temple
  2041 | Temple   | Became a worshipper of Warmaster Okawaru
  2135 | D:7      | Noticed Joseph
  2158 | D:7      | Killed Joseph
  2200 | D:7      | Reached skill level 12 in Ranged Weapons
  2289 | D:7      | Found a hide-covered altar of Uskayaw.
  2312 | D:7      | Found a flagged portal.
  2312 | D:7      | Noticed Prince Ribbit
  2318 | D:7      | Reached XP level 10. HP: 83/83 MP: 11/11
  2326 | D:7      | Killed Prince Ribbit
  2326 | D:7      | Reached * piety under Okawaru
  2347 | Bailey   | Entered a bailey
  2396 | Bailey   | Reached skill level 13 in Ranged Weapons
  2405 | Bailey   | Noticed an orc sorcerer
  2412 | Bailey   | Paralysed by an orc sorcerer for 2 turns
  2432 | Bailey   | Noticed a rust devil
  2565 | Bailey   | Noticed a soul eater
  2587 | Bailey   | Noticed a smoke demon
  2639 | Bailey   | Paralysed by an orc sorcerer for 3 turns
  2649 | Bailey   | Paralysed by an orc sorcerer for 2 turns
  2654 | Bailey   | Killed an orc sorcerer
  2654 | Bailey   | Reached ** piety under Okawaru
  2704 | Bailey   | Reached skill level 14 in Ranged Weapons
  2706 | Bailey   | Acquired 1215 gold pieces
  2759 | Bailey   | Found an iron altar of Okawaru.
  2763 | Bailey   | Noticed a kobold demonologist
  2801 | Bailey   | Noticed an ice devil
  2802 | Bailey   | Noticed a sixfirhy
  2811 | Bailey   | Noticed an orange demon
  2811 | Bailey   | Killed a kobold demonologist
  2887 | Bailey   | Glimpsed the power of Zot.
  2903 | Bailey   | Identified the +10 morningstar "Rududeu" {drain, rElec rC+
                  | rN+}
  2975 | D:7      | HP: 2/83 [steam dragon] (6)]
  2975 | D:7      | Mangled by a steam dragon

Illustrated notes

Levels and vault maps discovered:
D:1:      lemuel_arrival_broad_hall, layout_loops_ring
D:2:      layout_basic, ebering_ecumenical_altar_petrified, serial_shops, shop,
          minmay_misc_feat_pillars, minivault_19, uniq_robin
D:3:      layout_basic, led_xom_imps
D:4:      layout_basic, gammafunk_ghost_nasty_kobolds, hangedman_decor_points
D:5:      layout_rooms, uniq_pikel, uniq_menkaure
D:6:      lemuel_insect_pit, layout_loops_ring, nicolae_dithmenos_shadow_blocks,
          minmay_temple_entry_from_below_a, minmay_manual_monstrance
D:7:      layout_basic, nicolae_uskayaw_dance_studio, kennysheep_mini,
          enter_bailey_5, grunt_decor_mini_mirrors, kennysheep_generic_room_2,
          uniq_joseph, uniq_prince_ribbit1
D:8:      layout_basic, marbit_many_paths, kennysheep_generic_room_3
Temple:   regret_index_temple_waves

Skill      XL: |  1  2  3  4  5  6  7  8  9 10 |
---------------+-------------------------------+-----
Fighting       | 3 4 5 6 |  6.0
Ranged Weapons | 5 6 7 9 12 14 | 14.7
Dodging        | 3 4 5 |  5.0
Stealth        | |  0.6

Action                     |  1- 3 |  4- 6 |  7- 9 | 10-12 || total
---------------------------+-------+-------+-------+-------++-------
   Fire: Shortbow          |    98 |    22 |       |       ||   120
         Sling             |       |   107 |   309 |   195 ||   611
  Evoke: Wand              |       |       |       |     7 ||     7
    Use: Scroll            |     2 |     5 |     3 |     1 ||    11
         Potion            |       |     1 |     8 |     1 ||    10
 Armour: Leather armour    |    23 |    27 |    67 |     7 ||   124
         Skin              |       |     6 |     1 |       ||     7
  Dodge: Dodged            |    34 |    36 |   118 |    24 ||   212

Table legend: (Time is in decaauts)
 A = Elapsed time spent in this place.
 B = Non-inter-level travel time spent in this place.
 C = Inter-level travel time spent in this place.
 D = Time resting spent in this place.
 E = Time spent auto-exploring this place.
 F = Levels seen in this place.
 G = Mean time per level.
                   A        B        C        D        E       F      G
               +--------+--------+--------+--------+--------+-----+--------+
         Total |   2966 |   2958 |      8 |      0 |      0 |  10 |  296.6 |
       Dungeon |   2390 |   2382 |      8 |      0 |      0 |   8 |  298.8 |
        Temple |     36 |     36 |      0 |      0 |      0 |   1 |   36.0 |
        Bailey |    540 |    540 |      0 |      0 |      0 |   1 |  540.0 |
               +--------+--------+--------+--------+--------+-----+--------+

Top non-repeatable levels by time:
  Bailey: 540 daAuts
     D:4: 437 daAuts
     D:1: 432 daAuts
     D:7: 352 daAuts
     D:5: 313 daAuts
     D:3: 293 daAuts
     D:2: 269 daAuts
     D:8: 149 daAuts
     D:6: 141 daAuts
  Temple: 36 daAuts
